Map: Ulrena

Players

ILLBdA - Winner!

  • Race: Protoss Protoss
  • League: Diamond

삼삼탕

  • Race: Protoss Protoss
  • League: Diamond

VOD

Have the link to the VOD?

Description

Time

  • Played on: Dec. 13, 2015, 6:59 a.m.
  • Length: 2:28
Show
View Real Time Build Order
Export as new Build Order

ILLBdA Protoss - Winner!

Build Orders:  

Get SALT Encoding   

  12  0:01  Probe (Chrono Boost)  
  13  0:11  Probe (Chrono Boost)  
  14  0:17  Pylon  
  14  0:22  Probe (Chrono Boost)  
  16  0:35  Probe (Chrono Boost)  
  16  0:38  Forge  
  16  0:46  Probe (Chrono Boost)  
  17  0:57  Probe (Chrono Boost)  
  19  1:11  Probe (Chrono Boost)  
  19  1:16  Pylon  
  19  1:17  Pylon  
  19  1:19  Pylon  
  19  1:40  Photon Cannon  
  19  1:54  Photon Cannon  
  19  2:10  Pylon  
  19  2:20  Pylon  
Show
View Real Time Build Order
Export as new Build Order

삼삼탕 Protoss 

Build Orders:  

Get SALT Encoding   

  12  0:00  Probe (Chrono Boost)  
  13  0:11  Probe (Chrono Boost)  
  14  0:20  Pylon  
  14  0:22  Probe (Chrono Boost)  
  15  0:38  Probe (Chrono Boost)  
  15  0:42  Forge  
  16  0:57  Assimilator  
  16  0:59  Assimilator  
  16  1:03  Pylon  
  16  1:12  Pylon x2  
  16  1:20  Probe (Chrono Boost)  
  17  1:26  Pylon  
  17  1:31  Pylon  
  16  1:34  Probe (Chrono Boost)  
  17  1:45  Photon Cannon  
  17  1:53  Probe (Chrono Boost)  
  18  2:04  Probe (Chrono Boost)  
  16  2:16  Probe (Chrono Boost)  
Tags
 
Matchup
PvP
Replay Pack
me
Add a new tag
Caveats
  • Supply blocks, unpowered buildings, or Contaminate may cause inaccurate times.
  • Supply counts are checked every 10 seconds.